 Dungeon Crawl Stone Soup version 0.28.0 (webtiles) character file.

Game seed: 815259118171117940

61 trckry the Conjurer (level 3, -3/26 HPs)
             Began as a Draconian Conjurer on Feb 6, 2022.
             Was a High Priest of Ignis.
             Killed by nerve-wracking pain
             ... invoked by an orc priest
              (4 damage)
             ... on level 4 of the Dungeon.
             The game lasted 00:05:40 (1545 turns).

trckry the Conjurer (Draconian Conjurer)            Turns: 1545, Time: 00:05:40

Health: -3/26      AC: 12    Str:  9    XL:     3   Next: 83%
Magic:  1/7        EV: 12    Int: 20    God:    Ignis [*****.]
Gold:   49         SH:  0    Dex:  9    Spells: 4/7 levels left

rFire   + . .      SeeInvis .   a - +0 long sword
rCold   . . .      Faith    .   (no shield)
rNeg    . . .      Spirit   .   (armour unavailable)
rPois   .          Reflect  .   (helmet restricted)
rElec   .          Harm     .   (no cloak)
rCorr   .          Rampage  .   (no gloves)
Will    .....                   (no boots)
Stlth   ++........              (no amulet)
HPRegen 0.08/turn               (no ring)
MPRegen 0.10/turn               (no ring)

@: fiery-armoured
A: AC +5, unfitting armour, cold-blooded
a: Renounce Religion, Fiery Armour, Foxfire Swarm, Rising Flame


You were on level 4 of the Dungeon.
You worshipped Ignis.
Ignis was extremely pleased with you.
You visited 1 branch of the dungeon, and saw 3 of its levels.

You collected 49 gold pieces.

Inventory:

Hand Weapons
 a - a +0 long sword (weapon)
 d - a +0 short sword
Scrolls
 b - 3 scrolls of identify {unknown}
 e - a scroll of enchant weapon {unknown}
Potions
 c - a potion of degeneration {unknown}


   Skills:
 - Level 2.0 Dodging
 - Level 2.0 Stealth
 + Level 2.6 Spellcasting
 * Level 4.9 Conjurations


You had 4 spell levels left.
You knew the following spells:

 Your Spells              Type           Power      Damage    Failure   Level
a - Magic Dart            Conj           88%        1d7       1%          1
b - Searing Ray           Conj           44%        2d6       3%          2

Your spell library contained the following spells:

 Spells                   Type           Power      Damage    Failure   Level
 Dazzling Flash           Conj/Hex       24%        N/A       16%         3
 Confusing Touch          Hex            2%         N/A       41%         3
 Fulminant Prism          Conj/Hex       6%         3d7       47%         4
 Iskenderun's Mystic Bla  Conj/Tloc      12%        2d5       47%         4
 Yara's Violent Unravell  Hex/Tmut       1%         3d3       99%         5
 Enfeeble                 Hex            1%         N/A       100%        7


Dungeon Overview and Level Annotations

Branches:
Dungeon (2/15)

Altars:
Ignis


Innate Abilities, Weirdness & Mutations

Your plain brown scales are hard. (AC +5)
You cannot fit into any form of body armour.
You are cold-blooded and may be slowed by cold attacks.


Message History

The orc priest casts a cantrip, but nothing happens.
Casting: Searing Ray (safe; 3% risk of failure)
Confirm with . or Enter, or press ? or * to list all spells.
Aiming: Magic Dart (safe; 1% risk of failure)
Press: ? - help, Shift-Dir - straight line, f - orc priest
Aim: an orc priest, wielding a +0 club and wearing a +0 ring mail (100% to hit)
The magic dart hits the orc priest.
The orc priest is moderately wounded.
You hit the orc priest. You tail-slap the orc priest.
The orc priest is heavily wounded.
The orc priest closely misses you.
The orc priest looks satisfied for a moment.
You barely miss the orc priest.
The orc priest is heavily wounded.
The orc priest miscasts a cantrip.
You hit the orc priest but do no damage.
The orc priest is heavily wounded.
The orc priest hits you with a +0 club.
The orc priest is burned by your cloak of flames.
The orc priest is heavily wounded.
The orc priest mumbles some strange prayers to Beogh against you.
Beogh smites you!
* * * LOW HITPOINT WARNING * * *
You barely miss the orc priest.
The orc priest is heavily wounded.
The orc priest hits you but does no damage.
You barely miss the orc priest.
The orc priest is heavily wounded.
The orc priest hits you but does no damage.
The orc priest is burned by your cloak of flames.
The orc priest is severely wounded.
You barely miss the orc priest.
Your tail-slap misses the orc priest.
The orc priest is severely wounded.
The orc priest hits you with a +0 club.
* * * LOW HITPOINT WARNING * * *
The orc priest is burned by your cloak of flames.
The orc priest is almost dead.
The orc priest invokes the aid of Beogh against you.
Pain shoots through your body!
You die...

##### #
#..)#######....
#?..))o@....#
#...(########
#....# #<.o##
#..o# #..o#
#...# #...#
#...#


You could see an orc priest.

Vanquished Creatures
  An orc wizard (D:4)
  2 dart slugs (D:1)
  2 orcs (D:4)
  A bat (D:1)
  5 endoplasms (D:1)
  A giant cockroach (D:1)
  2 goblins (D:1)
  2 hobgoblins (D:1)
  2 quokkas (D:1)
  3 ball pythons (D:1)
  3 frilled lizards (D:1)
  A kobold (D:1)
  4 rats (D:1)
29 creatures vanquished.

Notes
Turn   | Place    | Note
-------+----------+-------------------------------------------
     0 | D:1      | trckry the Draconian Conjurer began the quest for the Orb.
     0 | D:1      | Reached XP level 1. HP: 14/14 MP: 3/3
   340 | D:1      | Found a faded altar of an unknown god.
   346 | D:1      | Prayed at the altar of an unknown god.
   346 | D:1      | Became a worshipper of Ignis, the Dying Flame
   527 | D:1      | Reached XP level 2. HP: 10/20 MP: 3/5
  1013 | D:1      | Learned a level 2 spell: Searing Ray
  1455 | D:1      | Reached XP level 3. HP: 26/26 MP: 6/6
  1527 | D:2      | You fall into a shaft and drop 2 floors!
  1545 | D:4      | HP: 1/26 [orc priest (3)]
  1545 | D:4      | Killed from afar by an orc priest

Illustrated notes

Levels and vault maps discovered:
D:1:      dpeg_arrival_rooms_a, layout_basic, basic_ecumenical_altar,
          minmay_hexomino_u4
D:2:      kb_forest_paths, layout_loops_ring, minmay_misc_feat_iff
D:4:      kennysheep_big_flooded_room, layout_rooms, enter_ossuary_1,
          minmay_quantized, uniq_edmund

Skill      XL: |  1 |
---------------+----+-----
Dodging        | 2 |  2.0
Stealth        | 2 |  2.0
Spellcasting   | |  2.6
Conjurations   | |  4.9

Action                   || total
-------------------------++-------
Melee: Long sword        ||    22
       Tailslap          ||     1
 Cast: Magic Dart        ||    49
       Searing Ray       ||     1
Invok: Fiery Armour      ||     1
 Stab: Sleeping          ||     1
Armor: Skin              ||     8
Dodge: Dodged            ||    24
